 Dungeon Crawl Stone Soup version 0.26-a0-663-g36e8fdb655 (webtiles) character file.

Game seed: 9300895601009357033

2212 DogServant the Martial Artist (level 9, 0/78 HPs)
             Began as a Ghoul Ice Elementalist on Oct 11, 2020.
             Was a Follower of Okawaru.
             Slain by an ice beast (4 damage)
             ... on level 8 of the Dungeon.
             The game lasted 00:11:55 (8580 turns).

DogServant the Martial Artist (GhIE)                Turns: 8580, Time: 00:11:56

Health: 0/78       AC:  2    Str: 12    XL:     9   Next: 35%
Magic:  2/12       EV: 12    Int: 10    God:    Okawaru [*.....]
Gold:   190        SH:  0    Dex: 12    Spells: 7/14 levels left

rFire    + . .     SeeInvis .     - Unarmed
rCold    + . .     Faith    .   (no shield)
rNeg     + + +     Spirit   .   m - +0 robe {MR+}
rPois    ∞         Reflect  .   (no helmet)
rElec    .         Harm     .   (no cloak)
rCorr    .         Rampage  .   (no gloves)
MR       +....                  (no boots)
Stlth    ++........             (no amulet)
HPRegen  0.00/turn              (no ring)
MPRegen  0.13/turn              s - ring of protection from fire

@: no status effects
A: rotting body, claws 1, cold resistance 1, negative energy resistance 3,
inhibited regeneration, torment resistance, unbreathing
a: Heroism, Renounce Religion


You were on level 8 of the Dungeon.
You worshipped Okawaru.
Okawaru was aware of your devotion.
You visited 2 branches of the dungeon, and saw 10 of its levels.

You collected 190 gold pieces.

Inventory:

Armour
 a - a +0 robe
 m - a +0 robe of magic resistance (worn)
 u - a +0 leather armour
Jewellery
 s - a ring of protection from fire (right claw)
 y - an uncursed ring of protection from cold {unknown}
Scrolls
 c - 2 scrolls of immolation
 d - 3 scrolls of identify
 f - a scroll of enchant armour {unknown}
 j - 4 scrolls of magic mapping {unknown}
 k - 5 scrolls of remove curse {unknown}
 l - 2 scrolls of noise {unknown}
 n - 2 scrolls of amnesia {unknown}
 r - 2 scrolls of blinking {unknown}
 v - 2 scrolls of teleportation {unknown}
Potions
 e - 7 potions of flight
 g - a potion of mutation
 h - 2 potions of cancellation
 i - a potion of degeneration {unknown}
 o - a potion of resistance {unknown}
 p - a potion of brilliance {unknown}
 q - a potion of berserk rage {unknown}
 t - 2 potions of stabbing {unknown}
 w - a potion of might {unknown}
 x - 2 potions of lignification {unknown}


   Skills:
 + Level 6.5 Fighting
 - Level 2.1 Dodging
 - Level 2.1 Stealth
 * Level 8.6 Unarmed Combat
 - Level 3.1 Spellcasting
 + Level 7.7 Ice Magic


You had 7 spell levels left.
You knew the following spells:

 Your Spells              Type           Power        Failure   Level
a - Freeze                Ice            ###.         1%          1
b - Frozen Ramparts       Ice            ###...       3%          3
c - Ozocubu's Armour      Ice            ###.....     3%          3

Your spell library contained the following spells:

 Spells                   Type           Power        Failure   Level
 Corona                   Hex            #......      28%         1
 Slow                     Hex            #.......     38%         2
 Hailstorm                Conj/Ice       #.......     50%         4
 Summon Ice Beast         Ice/Summ       #.......     50%         4
 Inner Flame              Hex/Fire       #.......     63%         3
 Portal Projectile        Hex/Tloc       #.....       63%         3
 Cause Fear               Hex            #.........   95%         4
 Leda's Liquefaction      Hex/Erth       #.........   95%         4


Dungeon Overview and Level Annotations

Branches:
Dungeon (9/15)             Temple (1/1) D:5
   Lair: D:8-11         Orc: D:9-12

Altars:
Ashenzari
Cheibriados
Dithmenos
Elyvilon
Fedhas
Gozag
Kikubaaqudgha
Makhleb
Nemelex Xobeh
Okawaru
Qazlal
Ru
Sif Muna
Trog
Uskayaw
Vehumet
Zin
The Shining One


Innate Abilities, Weirdness & Mutations

Your body is rotting away.
You thrive by killing the living.
You are immune to poison.
You have sharp fingernails.
Your flesh is cold resistant. (rC+)
You are immune to negative energy. (rN+++)
You do not regenerate when monsters are visible.
You are immune to unholy pain and torment.
You can survive without breathing.


Message History

You scratch the ice beast.
The ice beast is heavily wounded.
The ice beast misses you.
You barely miss the ice beast.
The ice beast is heavily wounded.
The ice beast closely misses you.
You barely miss the ice beast.
The ice beast is heavily wounded.
The ice beast misses you.
You closely miss the ice beast.
The ice beast is heavily wounded.
The ice beast hits you.
* * * LOW HITPOINT WARNING * * *
The ice beast freezes you. You resist.
* * * LOW HITPOINT WARNING * * *
Okay, then.
Okay, then.
It was a potion of cancellation.
You feel magically purged. The ice beast hits you.
You die...

##...........)##.###
##.................
##..######.##.##.###
##..##.....##...##.†.
##..##.###.##)....##Y#
##..##.###.##....#..##.
#..##.....##..##.##..##
#.##.######........#..#
#.....@Y......≈....#...
############..≈....'...
#.......####
#......(####
#.......#...
#.......#...
.......#..≈ #... #...


You could see an ice beast.

Vanquished Creatures
  Pikel (D:5)
  Grinder (D:5)
  Eustachio (D:5)
  2 black bears (D:8)
  2 ogres
  A phantom (D:5)
  A lemure (D:5)
  A wight (D:8)
  2 howler monkeys
  A bullfrog zombie (D:5)
  A quasit (D:4)
  2 hounds
  2 jellies (D:8)
  2 orc priests
  A bullfrog skeleton (D:5)
  2 orc wizards
  6 iguanas
  4 worker ants
  A killer bee zombie (D:5)
  7 gnolls
  A howler monkey skeleton (D:8)
  9 adders
  An ufetubus (D:4)
  An ooze (D:5)
  An adder skeleton (D:4)
  2 worms
  4 dart slugs
  4 leopard geckos
  6 orcs
  2 ball pythons (D:1)
  5 giant cockroaches
  6 goblins
  8 hobgoblins
  3 jackals (D:8)
  A quokka (D:2)
  8 bats
  5 frilled lizards
  11 kobolds
  11 rats
130 creatures vanquished.

Notes
Turn   | Place    | Note
-------+----------+-------------------------------------------
     0 | D:1      | DogServant the Ghoul Ice Elementalist began the quest for
                  | the Orb.
     0 | D:1      | Reached XP level 1. HP: 14/14 MP: 2/2
   276 | D:1      | Reached XP level 2. HP: 9/20 MP: 1/3
   544 | D:1      | Reached skill level 1 in Unarmed Combat
   816 | D:1      | Reached XP level 3. HP: 18/26 MP: 0/4
  1419 | D:2      | Reached skill level 5 in Ice Magic
  1564 | D:2      | Reached skill level 2 in Unarmed Combat
  2333 | D:1      | Learned a level 3 spell: Frozen Ramparts
  2343 | D:2      | Reached XP level 4. HP: 33/33 MP: 1/5
  2465 | D:3      | Found a snail-covered altar of Cheibriados.
  2467 | D:3      | Found a glowing silver altar of Zin.
  2468 | D:3      | Found an opulent altar of Gozag.
  2468 | D:3      | Found a white marble altar of Elyvilon.
  2468 | D:3      | Found a bloodstained altar of Trog.
  2910 | D:3      | Reached skill level 1 in Fighting
  3111 | D:3      | Reached skill level 3 in Unarmed Combat
  3111 | D:3      | Reached XP level 5. HP: 40/40 MP: 0/6
  4050 | D:4      | Noticed an ogre
  4089 | D:4      | Killed an ogre
  4089 | D:4      | Reached XP level 6. HP: 17/50 MP: 0/7
  4430 | D:4      | Reached skill level 4 in Unarmed Combat
  4887 | D:4      | Reached XP level 7. HP: 39/57 MP: 5/9
  5369 | D:5      | Entered Level 5 of the Dungeon
  5777 | D:5      | Noticed Eustachio
  5807 | D:5      | Killed Eustachio
  5807 | D:5      | Reached skill level 5 in Unarmed Combat
  6201 | D:5      | Noticed Grinder
  6218 | D:5      | Killed Grinder
  6218 | D:5      | Reached skill level 6 in Unarmed Combat
  6218 | D:5      | Reached XP level 8. HP: 43/67 MP: 5/11
  6223 | D:5      | Learned a level 3 spell: Ozocubu's Armour
  6486 | D:5      | Found a staircase to the Ecumenical Temple.
  6587 | D:5      | Reached skill level 5 in Fighting
  6646 | Temple   | Entered the Ecumenical Temple
  6656 | Temple   | Became a worshipper of Warmaster Okawaru
  6991 | D:5      | Noticed Pikel
  7010 | D:5      | Killed Pikel
  7010 | D:5      | Reached skill level 7 in Unarmed Combat
  7411 | D:5      | Reached * piety under Okawaru
  7573 | D:5      | Reached XP level 9. HP: 62/75 MP: 8/12
  7814 | D:6      | You fall into a shaft and drop 3 floors!
  7895 | D:8      | Reached skill level 8 in Unarmed Combat
  8300 | D:8      | Noticed a two-headed ogre
  8554 | D:8      | HP: 3/78 [black bear (2)]
  8580 | D:8      | Slain by an ice beast

Illustrated notes

Levels and vault maps discovered:
D:1:      tarquinn_simple_flora_water_c, layout_basic
D:2:      layout_rooms, serial_co_window_serial, co_window_paths_a,
          co_window_paths_a, co_window_paths_a, co_window_paths_b,
          co_window_paths_a, co_window_corner_cb, co_window_2corner,
          co_window_corner_b, co_window_of_opportunity_b, co_window_broadway_a,
          co_window_2corner, glass_columns_c, glass_columns_b, glass_columns_a
D:3:      layout_basic, cheibriados_altar_1,
          chequers_temple_overflow_statue_of_worship,
          chequers_serial_rivers_large_a
D:4:      layout_loops_ring
D:5:      layout_loops_corners, minmay_temple_entry_nine_rooms,
          kennysheep_generic_room_4, uniq_grinder, uniq_pikel, uniq_eustachio
D:6:      layout_cave_pods, uniq_edmund, uniq_blork_the_orc
D:7:      layout_layer_cave, overflow_temple_1_default, serial_shops,
          kennysheep_mini, uniq_joseph
D:8:      layout_basic, lair_entry_dummy, minmay_parallelograms,
          kennysheep_generic_room_5, uniq_maggie
D:9:      layout_grid_maze, eino_jars
Temple:   nicolae_temple_x_marks_the_god

Skill      XL: |  1  2  3  4  5  6  7  8  9 |
---------------+----------------------------+-----
Dodging        | 2 |  2.1
Unarmed Combat | 1 2 3 4 6 7 8 |  8.6
Ice Magic      | 5 6 7 |  7.7
Fighting       | 1 2 3 4 6 |  6.5
Spellcasting   | 2 3 |  3.1
Stealth        | |  2.1

Action                   |  1- 3 |  4- 6 |  7- 9 || total
-------------------------+-------+-------+-------++-------
Melee: Unarmed           |    72 |   124 |   161 ||   357
       Punch             |       |     1 |     2 ||     3
 Cast: Freeze            |    45 |    18 |     4 ||    67
       Frozen Ramparts   |     1 |    12 |    27 ||    40
       Ozocubu's Armour  |       |       |     5 ||     5
Invok: Heroism           |       |       |     1 ||     1
  Use: Scroll            |       |     4 |       ||     4
       Potion            |       |       |     4 ||     4
 Stab: Sleeping          |     1 |     2 |       ||     3
Armor: Robe              |    30 |    27 |    41 ||    98
Dodge: Dodged            |    78 |   105 |   108 ||   291

Table legend: (Time is in decaauts)
 A = Elapsed time spent in this place.
 B = Non-inter-level travel time spent in this place.
 C = Inter-level travel time spent in this place.
 D = Time resting spent in this place.
 E = Time spent auto-exploring this place.
 F = Levels seen in this place.
 G = Mean time per level.
                   A        B        C        D        E       F      G
               +--------+--------+--------+--------+--------+-----+--------+
         Total |   8559 |   8300 |    259 |   1163 |   5761 |  10 |  855.9 |
       Dungeon |   8540 |   8289 |    251 |   1163 |   5761 |   9 |  948.9 |
        Temple |     18 |     10 |      8 |      0 |      0 |   1 |   18.0 |
               +--------+--------+--------+--------+--------+-----+--------+

Top non-repeatable levels by time:
     D:5: 2360 daAuts
     D:4: 1546 daAuts
     D:1: 1369 daAuts
     D:3: 1357 daAuts
     D:2: 1093 daAuts
     D:8: 714 daAuts
     D:6: 53 daAuts
     D:7: 30 daAuts
  Temple: 18 daAuts
     D:9: 14 daAuts
